 Dungeon Crawl Stone Soup version 0.27-a0-760-gc38aae387d (webtiles) character file.

Game seed: 4897408073558308225

107 polve the Chopper (level 4, -1/58 HPs)
             Began as a Hill Orc Berserker on Mar 24, 2021.
             Was a Believer of Trog.
             Slain by an adder (4 damage)
             ... on level 3 of the Dungeon.
             The game lasted 00:01:48 (3222 turns).

polve the Chopper (Hill Orc Berserker)              Turns: 3222, Time: 00:01:48

Health: -1/58      AC: -1    Str: 19    XL:     4   Next: 86%
Magic:  0/4        EV: 12    Int:  7    God:    Trog [**....]
Gold:   56         SH:  0    Dex: 11    Spells: 3/3 levels left

rFire    . . .     SeeInvis .   a - +0 hand axe
rCold    . . .     Faith    .   (no shield)
rNeg     . . .     Spirit   .   b - +0 animal skin
rPois    .         Reflect  .   (no helmet)
rElec    .         Harm     .   (no cloak)
rCorr    .         Rampage  .   (no gloves)
Will     .....                  (no boots)
Stlth    ..........             (no amulet)
HPRegen  0.19/turn              (no ring)
MPRegen  0.09/turn              (no ring)

@: berserking, corroded, very quick
A: no striking features
a: Renounce Religion, Berserk, Trog's Hand


You were on level 3 of the Dungeon.
You worshipped Trog.
Trog was pleased with you.
You visited 1 branch of the dungeon, and saw 3 of its levels.

You collected 56 gold pieces.

Inventory:

Hand Weapons
 a - a +0 hand axe (weapon)
Armour
 b - a +0 animal skin (worn)
 j - a +0 pair of gloves
Jewellery
 g - a ring of poison resistance
 h - a ring of fire
 k - a ring of flight
 q - a ring of magical power
Scrolls
 c - 4 scrolls of identify {unknown}
 d - a scroll of acquirement {unknown}
 f - a scroll of magic mapping {unknown}
 l - a scroll of enchant weapon {unknown}
 n - a scroll of teleportation {unknown}
Potions
 e - a potion of invisibility {unknown}
 i - a potion of berserk rage {unknown}
 m - a potion of flight {unknown}
 o - a potion of brilliance {unknown}
 p - a potion of attraction {unknown}


   Skills:
 - Level 3.6 Fighting
 + Level 7.2 Axes
 - Level 2.1 Armour
 - Level 1.5 Dodging


You had 3 spell levels left.
You didn't know any spells.
Your spell library was empty.

Dungeon Overview and Level Annotations

Branches:
Dungeon (3/15)

Altars:
Elyvilon
Fedhas
Hepliaklqana
Qazlal
Uskayaw
Yredelemnul

Annotations:
D:3 Ijyb


Message History

Ijyb is nearby!
Found a blossoming altar of Fedhas.
Ijyb shouts!
An adder comes into view.
Ijyb zaps a wand.
The bolt of acid hits you! The acid corrodes you!
You are splashed with acid!
You are too injured to fight recklessly!
You are too injured to fight recklessly!
You are too injured to fight recklessly!
You are too injured to fight recklessly!
You are too injured to fight recklessly!
You are too injured to fight recklessly!
You are too injured to fight recklessly!
You are too injured to fight recklessly!
A red film seems to cover your vision as you go berserk!
You feel yourself moving faster!
You feel mighty! Ijyb closely misses you.
You hit Ijyb.
Ijyb is lightly wounded.
You hit Ijyb.
Ijyb is lightly wounded.
Ijyb hits you with a +2 antimagic dagger!
* * * LOW HITPOINT WARNING * * *
You feel your power leaking away.
You hit Ijyb.
Ijyb is moderately wounded.
You hit Ijyb.
Ijyb is heavily wounded.
An orc comes into view. It is wielding a +0 mace.
Ijyb hits you with a +2 antimagic dagger.
* * * LOW HITPOINT WARNING * * *
You slash Ijyb!
Ijyb is almost dead.
Ijyb hits you with a +2 antimagic dagger.
* * * LOW HITPOINT WARNING * * *
You hit Ijyb but do no damage.
Ijyb is almost dead.
You closely miss Ijyb.
Ijyb is almost dead.
You hit the adder.
Ijyb drinks a potion.
Ijyb is healed!
The adder bites you.
You die...

# #.... ..#. ##.....
#..[.....
..#.##......####........
......_. ...##........
#o..... #..#........
#.....# #..#........
#...gS###.#...........
#....@....#...........
.#####.#####...........
...........).#....).....
.............#.##...##..
.............#.####.....
.#.........$##..........
...........###).....##.#
............##.##..###.#
.....###..........####..


You could see Ijyb, an adder and an orc.

Vanquished Creatures
  An orc priest (D:3)
  2 adders (D:2)
  A dart slug (D:1)
  3 orcs (D:3)
  4 ball pythons
  3 endoplasms (D:2)
  9 goblins
  2 hobgoblins
  2 jackals (D:1)
  3 quokkas
  9 bats
  2 frilled lizards
  8 kobolds
  4 rats
53 creatures vanquished.

Notes
Turn   | Place    | Note
-------+----------+-------------------------------------------
     0 | D:1      | polve the Hill Orc Berserker began the quest for the Orb.
     0 | D:1      | Reached XP level 1. HP: 19/19 MP: 1/1
   309 | D:1      | Reached XP level 2. HP: 22/26 MP: 2/2
   517 | D:1      | Reached skill level 5 in Axes
   829 | D:1      | Reached XP level 3. HP: 31/31 MP: 3/3
   854 | D:1      | Reached ** piety under Trog
  1723 | D:2      | Reached skill level 6 in Axes
  1984 | D:2      | Found a basalt altar of Yredelemnul.
  2215 | D:2      | Found a white marble altar of Elyvilon.
  2446 | D:2      | Reached XP level 4. HP: 39/39 MP: 4/4
  2516 | D:2      | Found a hazy altar of Hepliaklqana.
  2672 | D:2      | Found a stormy altar of Qazlal.
  2673 | D:2      | Found a hide-covered altar of Uskayaw.
  3060 | D:3      | Reached skill level 7 in Axes
  3209 | D:3      | Noticed Ijyb
  3212 | D:3      | Found a blossoming altar of Fedhas.
  3222 | D:3      | Slain by an adder

Illustrated notes

Levels and vault maps discovered:
D:1:      evilmike_arrival_plus, layout_basic, hangedman_decor_riveting,
          minmay_three_crescents
D:2:      layout_basic, kennysheep_ying_yang, nicolae_hepliaklqana_hippocampus,
          gammafunk_temple_overflow_pools, minmay_3d_cube
D:3:      layout_rooms, nicolae_overflow_crystal_walls, uniq_ijyb,
          uniq_crazy_yiuf_cottage

Skill      XL: |  1  2  3  4 |
---------------+-------------+-----
Axes           | 5 6 7 |  7.2
Fighting       | |  3.6
Armour         | |  2.1
Dodging        | |  1.5

Action                   |  1- 3 |  4- 6 || total
-------------------------+-------+-------++-------
Melee: Hand axe          |   106 |    33 ||   139
Invok: Berserk           |     3 |     2 ||     5
 Stab: Sleeping          |       |     1 ||     1
Armor: Animal skin       |    31 |     2 ||    33
Dodge: Dodged            |    68 |    15 ||    83

Table legend: (Time is in decaauts)
 A = Elapsed time spent in this place.
 B = Non-inter-level travel time spent in this place.
 C = Inter-level travel time spent in this place.
 D = Time resting spent in this place.
 E = Time spent auto-exploring this place.
 F = Levels seen in this place.
 G = Mean time per level.
                   A        B        C        D        E       F      G
               +--------+--------+--------+--------+--------+-----+--------+
         Total |   3262 |   3224 |     38 |      7 |   2874 |   3 | 1087.3 |
       Dungeon |   3262 |   3224 |     38 |      7 |   2874 |   3 | 1087.3 |
               +--------+--------+--------+--------+--------+-----+--------+

Top non-repeatable levels by time:
     D:2: 1628 daAuts
     D:1: 1455 daAuts
     D:3: 178 daAuts
